Map: King's Cove LE

Players

Child

  • Race: Zerg Zerg
  • League: Grandmaster
  • Spawn Location: 5:00

Lambo - Winner!

  • Race: Zerg Zerg
  • League: Grandmaster
  • Spawn Location: 11:00

VOD

Have the link to the VOD?

Description

Time

  • Played on: Feb. 10, 2019, 7:24 a.m.
  • Length: 6:19
Show
View Real Time Build Order
Export as new Build Order

Child Zerg 

Build Orders: Hatch First 

Get SALT Encoding   

  12  0:00  Drone  
  13  0:12  Overlord  
  13  0:18  Drone  
  14  0:31  Drone x2  
  16  0:50  Hatchery  
  16  0:52  Drone  
  16  0:55  Drone  
  17  0:59  Drone  
  18  1:10  Extractor  
  17  1:15  Spawning Pool  
  17  1:18  Drone  
  17  1:21  Drone  
  18  1:28  Drone  
  19  1:40  Drone  
  20  1:50  Drone  
  21  2:01  Overlord  
  21  2:02  Queen x2, Drone  
  26  2:11  Metabolic Boost  
  26  2:13  Drone  
  26  2:14  Drone  
  28  2:23  Drone  
  28  2:25  Drone  
  30  2:33  Zergling x2  
  31  2:38  Hatchery  
  31  2:42  Drone  
  31  2:45  Overlord  
  31  2:49  Drone  
  32  2:59  Baneling Nest  
  32  3:02  Drone x2  
  33  3:07  Drone  
  33  3:08  Drone  
  33  3:12  Zergling x2  
  36  3:15  Zergling x2  
  36  3:16  Drone x4  
  41  3:22  Overlord  
  41  3:25  Drone  
  42  3:27  Evolution Chamber  
  42  3:31  Drone  
  42  3:43  Zergling x14  
  49  3:54  Zerg Missile Weapons Level 1  
  49  3:57  Overlord  
  49  4:01  Extractor, Drone x5  
  53  4:02  Queen  
  53  4:06  Baneling  
  53  4:07  Baneling  
  53  4:09  Drone  
  56  4:11  Zergling x2  
  56  4:12  Zergling x2  
  55  4:25  Drone x7  
  60  4:37  Drone x3  
  62  4:39  Baneling x2  
  62  4:42  Extractor  
  62  4:44  Overlord  
  61  4:48  Overlord  
  61  4:50  Overlord  
  62  4:52  Zergling x2  
  62  4:56  Zergling x4  
  63  5:05  Overlord  
  62  5:07  Overlord  
  62  5:12  Overlord  
  52  5:20  Drone x5  
  55  5:26  Drone  
  56  5:29  Drone, Roach Warren  
  56  5:31  Drone  
  56  5:33  Extractor  
  56  5:35  Drone  
  57  5:42  Drone  
  58  5:48  Zergling x4  
  58  5:52  Extractor, Drone x3  
  58  5:54  Extractor  
  59  5:57  Drone x5  
  59  6:00  Drone x4  
Show
View Real Time Build Order
Export as new Build Order

Lambo Zerg - Winner!

Build Orders: Hatch First, Zergling Baneling 

Get SALT Encoding   

  12  0:01  Drone  
  13  0:13  Overlord  
  13  0:18  Drone  
  14  0:32  Drone x2  
  14  0:35  Drone  
  17  0:54  Hatchery  
  17  0:56  Drone  
  17  1:00  Drone  
  18  1:11  Extractor  
  17  1:14  Spawning Pool  
  16  1:18  Drone  
  16  1:21  Drone  
  18  1:30  Drone  
  20  1:40  Drone  
  20  1:50  Overlord  
  20  2:01  Queen  
  20  2:05  Queen  
  20  2:07  Drone  
  20  2:08  Zergling x2  
  26  2:11  Metabolic Boost  
  26  2:13  Drone  
  27  2:16  Drone  
  28  2:29  Drone x2  
  30  2:33  Drone  
  31  2:40  Hatchery  
  31  2:43  Drone  
  31  2:46  Drone  
  31  2:50  Drone  
  33  2:54  Baneling Nest  
  33  2:57  Zergling x2  
  33  3:00  Overlord  
  33  3:07  Zergling x2  
  33  3:09  Drone x2  
  36  3:18  Drone x4  
  36  3:19  Zergling x2  
  41  3:21  Overlord  
  41  3:28  Drone x2  
  43  3:37  Queen, Evolution Chamber  
  43  3:40  Drone x2  
  46  3:42  Drone  
  46  3:43  Drone  
  46  3:46  Drone  
  48  3:51  Zergling x4  
  48  3:52  Baneling x2  
  50  3:56  Extractor, Drone  
  50  3:57  Extractor  
  50  4:02  Zergling x4  
  51  4:03  Drone x2  
  51  4:04  Zerg Missile Weapons Level 1  
  51  4:09  Baneling  
  53  4:10  Overlord  
  53  4:13  Zergling x4  
  55  4:17  Overlord  
  55  4:19  Overlord  
  55  4:23  Zergling x6  
  57  4:25  Baneling x2  
  57  4:33  Drone x4  
  57  4:36  Drone x3  
  61  4:38  Baneling  
  61  4:41  Zergling x2  
  61  4:43  Queen  
  61  4:44  Baneling  
  64  4:47  Zergling x2  
  64  4:49  Drone  
  64  4:50  Drone  
  64  4:52  Baneling  
  67  4:53  Drone x3  
  67  4:57  Drone  
  71  5:00  Drone  
  71  5:02  Drone  
  67  5:09  Zergling x4  
  67  5:12  Zergling x6  
  69  5:18  Zergling x6  
  69  5:20  Zergling x6  
  74  5:23  Baneling x2  
  74  5:26  Pneumatized Carapace, Roach Warren  
  73  5:30  Drone x3  
  73  5:31  Baneling x2  
  76  5:38  Extractor  
  75  5:44  Drone x6  
  75  5:47  Drone  
  79  5:51  Drone  
  79  5:54  Baneling x3  
  79  5:55  Drone  
  79  5:56  Extractor, Overlord  
  80  5:58  Extractor  
  80  5:59  Baneling x2  
  80  6:03  Drone x2  
  81  6:07  Hatchery  
Tags
 
Add a new tag
Caveats
  • Supply blocks, unpowered buildings, or Contaminate may cause inaccurate times.
  • Supply counts are checked every 10 seconds.